 Dungeon Crawl Stone Soup version 0.27.0-1-g7a089689b8 (webtiles) character file.

Game seed: 18299551640399035242

7444 horus123 the Thaumaturge (level 10, 0/53 HPs)
             Began as a Deep Elf Conjurer on Aug 8, 2021.
             Was a Priest of Vehumet.
             Slain by an unseen horror (4 damage)
             ... on level 10 of the Dungeon.
             The game lasted 00:54:39 (11865 turns).

horus123 the Thaumaturge (Deep Elf Conjurer)       Turns: 11865, Time: 00:54:39

Health: 0/53       AC:  8    Str:  4    XL:     10   Next: 93%
Magic:  2/27       EV: 14    Int: 27    God:    Vehumet [***...]
Gold:   384        SH:  0    Dex: 13    Spells: 1/32 levels left

rFire    . . .     SeeInvis .   t - +5 rapier (holy)
rCold    + . .     Faith    .   (no shield)
rNeg     . . .     Spirit   .   D - +2 robe {rC+}
rPois    .         Reflect  .   (no helmet)
rElec    .         Harm     .   (no cloak)
rCorr    .         Rampage  .   (no gloves)
Will     +....                  (no boots)
Stlth    ++........             (no amulet)
HPRegen  0.17/turn              j - +4 ring of protection
MPRegen  0.20/turn              (no ring)

@: no status effects
A: no striking features
a: Renounce Religion


You were on level 10 of the Dungeon.
You worshipped Vehumet.
Vehumet was most pleased with you.
You visited 1 branch of the dungeon, and saw 10 of its levels.

You collected 491 gold pieces.
You spent 107 gold pieces at shops.

Inventory:

Hand Weapons
 n - a +3 dagger of venom
 t - a +5 rapier of holy wrath (weapon)
Armour
 a - a +0 robe
 y - a +0 robe of willpower
 D - a +2 robe of cold resistance (worn)
Magical Staves
 v - a staff of air
Jewellery
 j - a +4 ring of protection (left hand)
 s - a ring of resist corrosion
 B - a ring of poison resistance
Wands
 e - a wand of flame (40)
 u - a wand of charming (17)
 w - a wand of digging (6)
 z - a wand of iceblast (8)
 A - a wand of polymorph (11)
 C - a wand of paralysis (10)
Scrolls
 c - 3 scrolls of fog
 h - a scroll of teleportation
 q - 3 scrolls of silence
 E - 3 scrolls of identify
Potions
 b - a potion of haste {unknown}
 d - 3 potions of curing
 f - a potion of flight {unknown}
 g - 2 potions of heal wounds
 i - a potion of invisibility
 k - 3 potions of ambrosia
 l - 3 potions of brilliance {unknown}
 m - a potion of berserk rage
 p - 2 potions of attraction {unknown}
 r - 2 potions of mutation {unknown}
 x - 2 potions of might {unknown}


   Skills:
 + Level 1.9 Fighting
 + Level 3.8 Short Blades
 + Level 5.3 Dodging
 + Level 3.5 Stealth
 + Level 11.7 Spellcasting
 * Level 11.5 Conjurations
 + Level 7.3 Hexes
 + Level 2.4 Summonings
 + Level 3.3 Necromancy
 * Level 2.3 Ice Magic
 + Level 1.8 Earth Magic
 + Level 2.3 Evocations


You had one spell level left.
You knew the following spells:

 Your Spells              Type           Power      Damage    Failure   Level
a - Magic Dart            Conj           100%       1d8       1%          1
b - Searing Ray           Conj           100%       3d7       1%          2
c - Dazzling Flash        Conj/Hex       100%       N/A       1%          3
d - Slow                  Hex            53%        N/A       1%          2
e - Hailstorm             Conj/Ice       52%        3d12      1%          4
f - Fulminant Prism       Conj/Hex       30%        3d16      1%          4
g - Freeze                Ice            100%       1d11      1%          1
h - Vampiric Draining     Necr           17%        2d8       2%          3
i - Shock                 Conj/Air       100%       1d9       1%          1
j - Call Imp              Summ           29%        N/A       1%          2
k - Stone Arrow           Conj/Erth      100%       3d13      1%          3
l - Yara's Violent Unrav  Hex/Tmut       17%        3d8       6%          5

Your spell library contained the following spells:

 Spells                   Type           Power      Damage    Failure   Level
 Animate Skeleton         Necr           68%        N/A       1%          1
 Corona                   Hex            58%        N/A       1%          1
 Summon Small Mammal      Summ           100%       N/A       1%          1
 Apportation              Tloc           30%        N/A       3%          1
 Ensorcelled Hibernation  Hex/Ice        84%        N/A       1%          2
 Sublimation of Blood     Necr           17%        N/A       1%          2
 Confusing Touch          Hex            53%        N/A       1%          3
 Mephitic Cloud           Conj/Pois/Air  36%        N/A       1%          3
 Tukima's Dance           Hex            53%        N/A       1%          3
 Iskenderun's Mystic Bla  Conj/Tloc      46%        2d10      1%          4
 Wereblood                Tmut           16%        N/A       5%          2
 Summon Mana Viper        Hex/Summ       42%        N/A       14%         5
 Ice Form                 Ice/Tmut       22%        N/A       22%         4
 Passage of Golubria      Tloc           N/A        N/A       34%         4
 Summon Forest            Summ/Tloc      11%        N/A       52%         5
 Simulacrum               Ice/Necr       15%        N/A       86%         6
 Shadow Creatures         Summ           N/A        N/A       90%         6
 Summon Hydra             Summ           14%        N/A       100%        7


Dungeon Overview and Level Annotations

Branches:
Dungeon (10/15)            Temple (0/1) D:4
   Lair: D:8-11         Orc: D:9-12

Altars:
Ashenzari
Cheibriados
Elyvilon
Fedhas
Hepliaklqana
Kikubaaqudgha
Nemelex Xobeh
Ru
Trog
Uskayaw
Vehumet
Zin

Shops:
D:8 *


Message History

Something hits you.
There's nothing to close nearby.
Aiming: Paralyse
Press: ? - help, Shift-Dir - straight line, f - boulder beetle
Aim: a boulder beetle (moderately wounded, chance to affect: 35%)
The boulder beetle suddenly stops moving!
Something hits you but does no damage. Something hits you but does no damage.
Something hits you but does no damage. Something barely misses you.
You closely miss something. Something hits you. x2
Something barely misses you.
You puncture something! Something hits you. Something hits you!
* * * LOW HITPOINT WARNING * * *
Aiming: Iceblast
Press: ? - help, Shift-Dir - straight line The mass of ice explodes!
The iceblast engulfs something!
Something hits you.
* * * LOW HITPOINT WARNING * * *
Something hits you but does no damage.
Unknown command.
Casting: Fulminant Prism (safe; 1% risk of failure)
Confirm with . or Enter, or press ? or * to list all spells.
You can't see any susceptible monsters within range! (Use Z to cast anyway.) Unknown command.
Casting: Fulminant Prism (safe; 1% risk of failure)
Confirm with . or Enter, or press ? or * to list all spells.
You can't see any susceptible monsters within range! (Use Z to cast anyway.)
Casting: Fulminant Prism (safe; 1% risk of failure)
Confirm with . or Enter, or press ? or * to list all spells.
You don't know that spell.
Okay, then.
Aiming: Searing Ray (safe; 1% risk of failure)
Press: ? - help, Q - select action, (/) - cycle Shift-Dir - straight line (Press . to maintain the ray.)
Something hits you.
* * * LOW HITPOINT WARNING * * *
Something hits you.
* * * LOW HITPOINT WARNING * * *
The searing ray hits something!
Something hits you.
You die...

#.# #.# #.## #..##
##.○# #######.###
### #.B.......# #
+..####.........# #
#.@{...........####
######.........##..
#.........##.#
#.........#..#
#...........##
#.........###
###########


There were no monsters in sight!

Vanquished Creatures
  A two-headed ogre (D:9)
  An ugly thing (D:7)
  A kobold demonologist (D:5)
  A troll (D:9)
  A hornet (D:7)
  A wraith (D:10)
  5 yaks
  Menkaure (D:5)
  An acid dragon (D:9)
  5 water moccasins
  2 orc warriors (D:7)
  A hornet zombie (D:6)
  3 necrophages
  An ice beast (D:8)
  7 ogres
  A centaur (D:8)
  2 phantoms
  A kobold brigand (D:6)
  2 bullfrogs
  A scorpion (D:5)
  3 water moccasin zombies
  A water moccasin skeleton (D:5)
  9 killer bees
  2 howler monkeys
  9 wights (D:9)
  4 bullfrog zombies
  A centaur zombie (D:8)
  2 jellies
  2 bullfrog skeletons (D:6)
  A gnoll shaman (D:5)
  An orc priest (D:6)
  3 centaur skeletons
  A hound (D:2)
  6 scorpion zombies
  Natasha (thrice) (D:3)
  2 iguanas
  8 orc wizards
  3 hound skeletons (D:5)
  2 howler monkey zombies (D:4)
  5 gnolls
  2 howler monkey skeletons
  14 adders
  A white imp (D:5)
  2 adder skeletons (D:4)
  2 adder zombies (D:4)
  2 worms
  5 dart slugs
  13 orcs
  6 ball pythons
  7 endoplasms
  2 giant cockroaches
  18 goblins
  13 hobgoblins
  3 jackals (D:1)
  15 kobolds
  5 quokkas
  5 bats
  2 frilled lizards
  A quokka zombie (D:4)
  9 rats
  2 fulminant prisms (D:10)
236 creatures vanquished.

Vanquished Creatures (others)
  13 fulminant prisms
  A withered plant (D:4)
14 creatures vanquished.

Grand Total: 250 creatures vanquished

Notes
Turn   | Place    | Note
-------+----------+-------------------------------------------
     0 | D:1      | horus123 the Deep Elf Conjurer began the quest for the Orb.
     0 | D:1      | Reached XP level 1. HP: 10/10 MP: 6/6
   168 | D:1      | Found a faded altar of an unknown god.
   171 | D:1      | Reached XP level 2. HP: 15/15 MP: 5/8
   271 | D:1      | Reached skill level 5 in Conjurations
   340 | D:1      | Learned a level 2 spell: Searing Ray
   771 | D:1      | Reached XP level 3. HP: 19/19 MP: 6/9
   776 | D:1      | Learned a level 3 spell: Dazzling Flash
  1299 | D:2      | Reached skill level 1 in Evocations
  1451 | D:2      | Reached XP level 4. HP: 24/24 MP: 10/10
  1514 | D:2      | Noticed an ogre
  1521 | D:2      | Killed an ogre
  1522 | D:2      | Reached skill level 1 in Hexes
  1522 | D:2      | Reached XP level 5. HP: 28/28 MP: 5/12
  1539 | D:2      | Found a hazy altar of Hepliaklqana.
  1547 | D:2      | Learned a level 2 spell: Slow
  1676 | D:2      | Learned a level 3 spell: Confusing Touch
  2723 | D:3      | Reached XP level 6. HP: 32/32 MP: 11/14
  2912 | D:3      | Noticed Natasha
  2919 | D:3      | Killed Natasha
  3221 | D:3      | Noticed Natasha
  3227 | D:3      | Killed Natasha
  3611 | D:3      | Noticed Natasha
  3615 | D:3      | Killed Natasha
  3918 | D:4      | Reached skill level 5 in Spellcasting
  3945 | D:4      | Reached XP level 7. HP: 36/36 MP: 0/16
  4332 | D:4      | Reached skill level 1 in Short Blades
  4365 | D:4      | Learned a level 4 spell: Fulminant Prism
  4575 | D:4      | Found a staircase to the Ecumenical Temple.
  4602 | D:4      | Found a snail-covered altar of Cheibriados.
  4679 | D:4      | Found a bloodstained altar of Trog.
  4682 | D:4      | Found an ancient bone altar of Kikubaaqudgha.
  4686 | D:4      | Found a broken altar of Ashenzari.
  4687 | D:4      | Found a radiant altar of Vehumet.
  4690 | D:4      | Found a glowing silver altar of Zin.
  4701 | D:4      | Became a worshipper of Vehumet
  4903 | D:4      | Reached skill level 5 in Hexes
  5003 | D:4      | Reached XP level 8. HP: 41/41 MP: 13/19
  5049 | D:4      | Found a blossoming altar of Fedhas.
  5061 | D:4      | Found a hazy altar of Hepliaklqana.
  5064 | D:4      | Found a sacrificial altar of Ru.
  5067 | D:4      | Found a sparkling altar of Nemelex Xobeh.
  5215 | D:5      | Entered Level 5 of the Dungeon
  5288 | D:5      | Noticed a kobold demonologist
  5289 | D:5      | Noticed a hellwing
  5294 | D:5      | Killed a kobold demonologist
  5688 | D:5      | Reached XP level 9. HP: 34/46 MP: 15/23
  5690 | D:5      | Reached * piety under Vehumet
  5690 | D:5      | Offered knowledge of Freeze by Vehumet.
  5888 | D:5      | Learned a level 1 spell: Freeze
  5892 | D:5      | Learned a level 3 spell: Vampiric Draining
  6571 | D:5      | Noticed Menkaure
  6578 | D:5      | Killed Menkaure
  6955 | D:5      | Learned a level 4 spell: Hailstorm
  6980 | D:6      | Reached skill level 1 in Necromancy
  7220 | D:6      | Reached skill level 1 in Fighting
  7259 | D:6      | Offered knowledge of Shock by Vehumet.
  7260 | D:6      | Reached ** piety under Vehumet
  7448 | D:6      | Found a white marble altar of Elyvilon.
  7548 | D:6      | Found a hide-covered altar of Uskayaw.
  7656 | D:6      | Learned a level 1 spell: Shock
  8256 | D:7      | Learned a level 2 spell: Call Imp
  8407 | D:7      | Noticed a purple ugly thing
  8413 | D:7      | Killed a purple ugly thing
  8414 | D:7      | Reached skill level 5 in Dodging
  8414 | D:7      | Reached skill level 10 in Spellcasting
  8414 | D:7      | Reached skill level 10 in Conjurations
  8414 | D:7      | Reached skill level 1 in Summonings
  8414 | D:7      | Reached XP level 10. HP: 53/53 MP: 14/26
  8888 | D:7      | Offered knowledge of Stone Arrow by Vehumet.
  8918 | D:7      | Learned a level 3 spell: Stone Arrow
  9046 | D:8      | Found Roemuir's Assorted Antiques.
  9067 | D:8      | Bought a glowing robe for 107 gold pieces
  9888 | D:8      | Reached skill level 1 in Ice Magic
 10702 | D:9      | Reached *** piety under Vehumet
 10733 | D:9      | Learned a level 5 spell: Yara's Violent Unravelling
 11058 | D:9      | Noticed a two-headed ogre
 11070 | D:9      | Killed a two-headed ogre
 11071 | D:9      | Reached skill level 1 in Earth Magic
 11766 | D:10     | Entered Level 10 of the Dungeon
 11832 | D:10     | Noticed a boulder beetle
 11865 | D:10     | Slain by an unseen horror

Illustrated notes

Levels and vault maps discovered:
D:1:      scummos_arrival_forest, layout_basic, shapermc_ecumenical_altar_venn,
          chequers_arboretum, minmay_tromino_i4
D:2:      cheibrodos_greedy_goblins, layout_loops_ring, basic_altar,
          minmay_fractal_squares_5
D:3:      layout_basic, minmay_misc_feat_doors, uniq_natasha
D:4:      layout_cave_pools, minitemple, grunt_temple_overflow_cloverleaf,
          mainiacjoe_overflow_alcove_4, minmay_temple_entry_from_below_a,
          serial_undead, serial_undead_f, serial_undead_a, serial_undead_c,
          serial_undead_a, serial_undead_a, serial_undead_a
D:5:      cheibrodos_fzero, layout_loops_cross, serial_bayou_pond_e,
          uniq_menkaure
D:6:      layout_cave_pools, elyvilon_altar_1,
          nicolae_uskayaw_murder_on_the_dancefloor
D:7:      layout_basic, corexii_corridor_pit
D:8:      layout_layer_cave, serial_shops, shop
D:9:      layout_small_grid, chequers_serial_rivers_large_b, dk_rats_in_the_wall
D:10:     layout_roguey

Skill      XL: |  1  2  3  4  5  6  7  8  9 10 |
---------------+-------------------------------+-----
Conjurations   | 5 6 7 8 9 10 11 | 11.5
Evocations     | 1 2 |  2.3
Hexes          | 1 2 4 5 6 7 |  7.3
Spellcasting   | 4 5 6 8 10 11 | 11.7
Short Blades   | 1 2 3 |  3.8
Dodging        | 3 4 5 |  5.3
Stealth        | 3 |  3.5
Necromancy     | 3 |  3.3
Fighting       | 1 |  1.9
Summonings     | 1 2 |  2.4
Ice Magic      | 2 |  2.3
Earth Magic    | 1 |  1.8

Action                   |  1- 3 |  4- 6 |  7- 9 | 10-12 || total
-------------------------+-------+-------+-------+-------++-------
Melee: Dagger            |       |     5 |    38 |       ||    43
       Unarmed           |       |     1 |       |       ||     1
       Rapier            |       |       |    43 |     4 ||    47
 Cast: Magic Dart        |    65 |   120 |   194 |    58 ||   437
       Searing Ray       |       |     5 |    31 |    22 ||    58
       Slow              |       |     7 |       |     4 ||    11
       Fulminant Prism   |       |       |     6 |     9 ||    15
       Dazzling Flash    |       |       |     1 |       ||     1
       Hailstorm         |       |       |     3 |     2 ||     5
       Vampiric Draining |       |       |     1 |       ||     1
       Stone Arrow       |       |       |       |    17 ||    17
       Yara's Violent Un |       |       |       |     2 ||     2
       Shock             |       |       |       |     1 ||     1
Evoke: Wand              |     4 |     8 |     3 |     3 ||    18
  Use: Scroll            |     2 |     3 |    10 |     6 ||    21
 Stab: Sleeping          |       |       |     1 |       ||     1
Armor: Robe              |       |     7 |    73 |    17 ||    97
Dodge: Dodged            |     4 |    10 |   140 |    34 ||   188
